 Dungeon Crawl Stone Soup version 0.20.1-1-g8b1a95d66d (webtiles) character file.

876 Ivernyr the Slinger (level 8, -3/54 HPs)
             Began as a Halfling Hunter on Nov 26, 2017.
             Slain by a two-headed ogre
             ... wielding a +0 giant spiked club
              (19 damage)
             ... on level 5 of the Dungeon.
             The game lasted 00:15:02 (4846 turns).

Ivernyr the Slinger (Halfling Hunter)               Turns: 4846, Time: 00:15:03

Health: -3/54      AC:  7    Str: 13    XL:     8   Next: 25%
Magic:  8/8        EV: 17    Int:  9    God:
Gold:   180        SH:  0    Dex: 17    Spells: 7/7 levels left

rFire    . . .     SeeInvis .   b - +0 dagger (venom)
rCold    . . .     Gourm    .   (shield restricted)
rNeg     . . .     Faith    .   c - +0 leather armour
rPois    .         Spirit   .   g - +1 helmet
rElec    .         Reflect  .   r - +0 cloak
rCorr    .         Harm     .   l - +0 pair of gloves
MR       .....                  (no boots)
Stlth    +++.......             (no amulet)
Regen    0.2/turn               u - ring of stealth
MPRegen  0.2/turn               (no ring)

@: starving
A: mutation resistance 1
a: no special abilities


You were on level 5 of the Dungeon.
You were starving.

You visited 2 branches of the dungeon, and saw 6 of its levels.

You collected 180 gold pieces.

Inventory:

Hand Weapons
 a - a +1 hunting sling
 b - a +0 dagger of venom (weapon)
Missiles
 d - 40 sling bullets
 e - 22 stones (quivered)
Armour
 c - a +0 leather armour (worn)
 g - a +1 helmet (worn)
 l - a +0 pair of gloves (worn)
 r - a +0 cloak (worn)
Jewellery
 u - a ring of stealth (left hand)
Wands
 D - a wand of flame (20/48)
Scrolls
 h - a scroll of identify {unknown}
 i - 3 scrolls of remove curse {unknown}
 j - a scroll of noise {unknown}
 m - a scroll of recharging {unknown}
 o - 3 scrolls of magic mapping {unknown}
 v - a scroll of fog {unknown}
 x - a scroll of enchant armour {unknown}
 y - a scroll of immolation {unknown}
 E - a scroll of teleportation {unknown}
Potions
 k - 3 potions of haste {unknown}
 n - 2 potions of flight {unknown}
 q - a potion of degeneration {unknown}
 s - a potion of heal wounds {unknown}
 t - 3 potions of agility {unknown}
 w - 2 potions of curing {unknown}
 A - 2 potions of mutation {unknown}
 B - a potion of brilliance {unknown}
 C - a potion of cancellation {unknown}
Comestibles
 f - 4 bread rations
 p - 2 meat rations
 z - 2 royal jellies


   Skills:
 - Level 4.0 Fighting
 + Level 1.6 Short Blades
 * Level 10.6 Slings
 + Level 5.2 Dodging
 - Level 1.1 Stealth


You had 7 spell levels left.
You didn't know any spells.

Dungeon Overview and Level Annotations

Branches:
Dungeon (5/15)             Temple (1/1) D:5

Altars:
Ashenzari
Dithmenos
Elyvilon
Fedhas
Hepliaklqana
Kikubaaqudgha
Nemelex Xobeh
Qazlal
Trog
Vehumet
Xom
Yredelemnul
Zin
The Shining One


Innate Abilities, Weirdness & Mutations

You are small and have problems with some larger weapons.
You are somewhat resistant to further mutation.


Message History

You shoot a stone. The stone hits the two-headed ogre.
The two-headed ogre is heavily wounded.
Wield which item (- for none, * to show all)? (? for menu, Esc to quit)
Your +0 dagger of venom begins to drip with poison!
b - a +0 dagger of venom (weapon)
The two-headed ogre hits you with a giant spiked club! x2
* * * LOW HITPOINT WARNING * * *
You hit the two-headed ogre.
The two-headed ogre is poisoned.
The two-headed ogre is heavily wounded.
You hit the two-headed ogre but do no damage.
The two-headed ogre is heavily wounded.
The two-headed ogre closely misses you.
The two-headed ogre hits you with a giant spiked club.
* * * LOW HITPOINT WARNING * * *
Found a scroll labeled ZONLEW TUGO.
You hit the two-headed ogre but do no damage.
The two-headed ogre looks even sicker.
The two-headed ogre is severely wounded.
The two-headed ogre hits you with a giant spiked club!!
You die...

............... .....
.............. .....
....?.......# #....
............### ....
..............### ..#
.........##.....##.#
........######...<.#
.......O## ###..##
.......@.#######..##
.........##..≈≈≈...####.
.#.#......##.≈≈§≈≈...#...
..........##§§§≈§§≈....##
............≈§≈>≈§≈(....#
............≈§§≈§≈≈.....#
.............≈≈§§≈..#...#
..............≈≈≈...#....
.(.((((.......#..####....


You could see a two-headed ogre.

Vanquished Creatures
  Sigmund (D:3)
  An ice beast (D:4)
  A scorpion (D:4)
  An orc priest (D:3)
  2 orc wizards (D:3)
  Crazy Yiuf (D:2)
  An iguana (D:4)
  Natasha (thrice) (D:3)
  2 worker ants
  A hound skeleton (D:4)
  A howler monkey skeleton (D:4)
  3 gnolls (D:4)
  13 adders
  4 oozes
  2 worms
  4 dart slugs
  A leopard gecko (D:4)
  12 orcs
  A ball python (D:3)
  8 bats
  2 giant cockroaches
  5 goblins
  6 hobgoblins
  7 jackals (D:2)
  4 quokkas
  3 frilled lizards
  9 kobolds
  7 rats
106 creatures vanquished.

Notes
Turn   | Place    | Note
-------+----------+-------------------------------------------
     0 | D:1      | Ivernyr the Halfling Hunter began the quest for the Orb.
     0 | D:1      | Reached XP level 1. HP: 14/14 MP: 1/1
    35 | D:1      | Reached skill level 6 in Slings
   123 | D:1      | Reached XP level 2. HP: 19/19 MP: 2/2
   496 | D:1      | Reached XP level 3. HP: 24/24 MP: 3/3
   657 | D:2      | Found a radiant altar of Vehumet.
   657 | D:2      | Found a shadowy altar of Dithmenos.
   657 | D:2      | Found a shattered altar of Ashenzari.
  1045 | D:2      | Reached XP level 4. HP: 30/30 MP: 4/4
  1080 | D:2      | Reached skill level 7 in Slings
  1121 | D:2      | Found a faded altar of an unknown god.
  1693 | D:2      | Found a runed door.
  1697 | D:2      | Noticed Crazy Yiuf
  1707 | D:2      | Killed Crazy Yiuf
  1707 | D:2      | Reached XP level 5. HP: 35/35 MP: 5/5
  1909 | D:3      | Noticed Sigmund
  2069 | D:3      | Killed Sigmund
  2069 | D:3      | Reached skill level 8 in Slings
  2069 | D:3      | Reached XP level 6. HP: 39/42 MP: 6/6
  2281 | D:3      | Reached skill level 9 in Slings
  2308 | D:3      | Reached XP level 7. HP: 46/46 MP: 7/7
  2461 | D:3      | Noticed Natasha
  2477 | D:3      | Killed Natasha
  2560 | D:3      | Noticed Natasha
  2570 | D:3      | Killed Natasha
  2725 | D:3      | Found a shimmering altar of Xom.
  2879 | D:3      | Noticed Natasha
  2887 | D:3      | Killed Natasha
  3561 | D:4      | Found a blossoming altar of Fedhas.
  3599 | D:4      | Reached skill level 10 in Slings
  3599 | D:4      | Reached skill level 5 in Dodging
  3632 | D:4      | Reached XP level 8. HP: 50/54 MP: 8/8
  3941 | D:4      | Reached skill level 1 in Short Blades
  4524 | D:5      | Entered Level 5 of the Dungeon
  4524 | D:5      | Found a staircase to the Ecumenical Temple.
  4532 | Temple   | Entered the Ecumenical Temple
  4797 | D:5      | Noticed a two-headed ogre
  4846 | D:5      | Slain by a two-headed ogre

Skill      XL: |  1  2  3  4  5  6  7  8 |
---------------+-------------------------+-----
Slings         | 6 7 8 9 10 | 10.6
Fighting       | 2 3 4 |  4.0
Dodging        | 3 4 5 |  5.2
Short Blades   | 1 |  1.6
Stealth        | |  1.1

Action                   |  1- 3 |  4- 6 |  7- 9 || total
-------------------------+-------+-------+-------++-------
Melee: Dagger            |    92 |    54 |   161 ||   307
       Short sword       |     2 |       |       ||     2
 Fire: Hunting sling     |     3 |    55 |   157 ||   215
 Stab: Sleeping          |     2 |     3 |     2 ||     7
  Eat: Chunk             |       |     4 |     6 ||    10
Armor: Leather armour    |    21 |    18 |    39 ||    78
Dodge: Dodged            |    83 |    62 |   142 ||   287
